 Dungeon Crawl Stone Soup version 0.31-a0-95-g6fa058ef04 (webtiles) character file.

Game seed: 8877139622855179290

2814 frimble the Tainter (level 9, -11/58 HPs)
             Began as an Octopode Warper on May 25, 2023.
             Was a Priest of Cheibriados.
             Mangled by Joseph
             ... wielding a +0 spectral quarterstaff
              (20 damage)
             ... on level 7 of the Dungeon.
             The game lasted 00:11:26 (6741 turns).

frimble the Tainter (Octopode Warper)               Turns: 6741, Time: 00:11:27

Health: -11/58     AC:  1    Str: 19    XL:     9   Next: 72%
Magic:  12/22      EV: 15    Int: 27    God:    Cheibriados [***...]
Gold:   563        SH:  0    Dex: 19    Spells: 7/14 levels left

rFire   . . .        j - +2 dagger (vamp)
rCold   . . .        (no shield)
rNeg    . . .        (helmet restricted)
rPois   +            (no amulet)
rElec   .            q - ring of poison resistance
rCorr   .            y - ring of magical power
SInv    +            t - ring of see invisible
Will    .....        (no ring)
Stlth   +++          (no ring)
HPRegen 0.29/turn    (no ring)
MPRegen 0.18/turn    (no ring)
                     (no ring)

%: no passive effects
@: very slow
A: almost no armour, amphibious, 8 rings, camouflage 1, gelatinous body 1,
(nimble swimmer 1), tentacles
a: Renounce Religion, Bend Time, Temporal Distortion


You were on level 7 of the Dungeon.
You worshipped Cheibriados.
Cheibriados was most pleased with you.
You visited 1 branch of the dungeon, and saw 7 of its levels.
You also visited: Sewer.

You collected 563 gold pieces.

Inventory:

Hand Weapons
 a - a +0 short sword
 d - a +2 short sword of freezing
 j - a +2 vampiric dagger (weapon)
Missiles
 c - 6 boomerangs of dispersal
 v - 2 boomerangs
Jewellery
 q - a ring of poison resistance (left tentacle)
 s - a ring of ice
 t - a ring of see invisible (on tentacle)
 x - a ring of ice
 y - a ring of magical power (right tentacle)
Wands
 o - a wand of quicksilver (16)
 p - a wand of mindburst (1)
Scrolls
 b - a scroll of blinking
 i - 2 scrolls of fog
 n - 2 scrolls of summoning
Potions
 e - 2 potions of curing
 f - a potion of lignification
 g - a potion of magic
 h - 2 potions of attraction
 k - 2 potions of brilliance {unknown}
 l - 5 potions of heal wounds
 m - a potion of berserk rage {unknown}
 r - 2 potions of might {unknown}
 u - 3 potions of enlightenment
 z - a potion of resistance
 B - a potion of ambrosia {unknown}


   Skills:
 + Level 4.3 Fighting
 + Level 4.2 Short Blades
 - Level 1.0 Throwing
 + Level 4.2 Dodging
 + Level 1.2 Stealth
 - Level 3.0 Spellcasting
 - Level 4.0 Translocations
 + Level 9.9 Poison Magic
 - Level 7.0 Evocations


You had 7 spell levels left.
You knew the following spells:

 Your Spells              Type           Power      Damage    Failure   Level
a - Blink                 Tloc           50%        N/A       2%          2
b - Olgreb's Toxic Radia  Pois           55%        N/A       1%          4
c - Apportation           Tloc           50%        N/A       1%          1

Your spell library contained the following spells:

 Spells                   Type           Power      Damage    Failure   Level
 Sting                    Tmut/Pois      100%       1d8       1%          1
 Poisonous Vapours        Pois/Air       56%        N/A       1%          2
 Lesser Beckoning         Tloc           50%        N/A       2%          2
 Teleport Other           Tloc           25%        N/A       4%          3
 Sublimation of Blood     Necr           4%         N/A       13%         2
 Wereblood                Tmut           4%         N/A       13%         2
 Vhi's Electric Charge    Tloc/Air       24%        N/A       14%         3
 Volatile Blastmotes      Fire/Tloc      24%        2d12      14%         3
 Manifold Assault         Tloc           25%        N/A       17%         4
 Dazzling Flash           Conj/Hex       4%         N/A       30%         3
 Alistair's Intoxication  Tmut/Pois      18%        N/A       36%         5
 Iskenderun's Mystic Bla  Conj/Tloc      12%        2d5       41%         4
 Starburst                Conj/Fire      1%         6d3       100%        6
 Summon Hydra             Summ           2%         N/A       100%        7
 Chain Lightning          Conj/Air       1%         3d1       100%        9
 Fire Storm               Conj/Fire      1%         7d1       100%        9
 Shatter                  Erth           2%         3d6*      100%        9


Dungeon Overview and Level Annotations

Branches:
Dungeon (7/15)             Temple (0/1) D:6           Sewer (visited)

Altars:
Cheibriados
Gozag
Nemelex Xobeh
Vehumet

Shops:
D:1 *   D:4 *

Annotations:
D:7 Joseph


Innate Abilities, Weirdness & Mutations

You cannot wear most types of armour.
You are amphibious.
You can wear up to eight rings at the same time.
Your skin changes colour to match your surroundings (Stealth+).
Your rubbery body absorbs attacks. (AC +1, EV +1)
((You are camouflaged when in or above water. (Stealth+)))
You have tentacles for arms and can constrict up to eight enemies at once.


Message History

Joseph unwields a +0 spectral quarterstaff.
Joseph wields a +0 sling.
Joseph shoots a sling bullet.
The sling bullet closely misses you.
Joseph shoots a sling bullet.
The sling bullet closely misses you.
Joseph is nearby!
Joseph is nearby!
Joseph is nearby!
Casting: Olgreb's Toxic Radiance (dangerous; 1% risk of failure)
Press: ? - help, Q - select action, (/) - cycle Dir - look around, f - activate You begin to radiate toxic energy.
Joseph is poisoned.
Joseph shoots a sling bullet.
The sling bullet hits you!
Casting: Olgreb's Toxic Radiance (dangerous; 1% risk of failure)
Press: ? - help, Q - select action, (/) - cycle Dir - look around, f - activate Your toxic radiance grows in intensity.
Joseph shoots a sling bullet.
The sling bullet misses you.
Joseph looks even sicker.
Joseph shoots a sling bullet.
The sling bullet barely misses you.
Your toxic aura wanes.
Aiming: Mindburst
Press: ? - help, Shift-Dir - straight line, f - Joseph
Aim: Joseph, wielding a +0 sling and wearing a +0 leather armour (moderately wounded, poisoned, chance to affect: 73%) Joseph's mind is blasted!!
Joseph shouts, "I love to fight!
I love killing!"
Joseph shoots a sling bullet.
The sling bullet closely misses you.
Casting: Olgreb's Toxic Radiance (dangerous; 1% risk of failure)
Press: ? - help, Q - select action, (/) - cycle Dir - look around, f - activate You begin to radiate toxic energy.
Joseph looks even sicker.
Joseph shoots a sling bullet.
The sling bullet hits you!
Your toxic aura wanes.
Joseph unwields a +0 sling.
Joseph wields a +0 spectral quarterstaff.
Joseph closely misses you. The +0 spectral quarterstaff hits you!
Joseph completely misses you. The +0 spectral quarterstaff hits you!
* * * LOW HITPOINT WARNING * * *
A +0 spectral quarterstaff comes into view.
You hit Joseph. You grab Joseph. You squeeze Joseph, but do no damage.
Joseph is almost dead.
You constrict Joseph.
Joseph hits you with a +0 spectral quarterstaff!!
You die...

# #..@ ## ## ###### '... .. .
..... ... .. . ... .. ..# .#.# #
#. #. ###.# .#.# ##.####. ..
...# ... .......) #. #@##.#
.###.##. #.#######(@..#
............
#.#....#..##.#.#.#.##.#.##.
#..##.#.##....# ...#........##.
#.......##.##.##.#......#.#....
.......#.##.##....#.#......#.##.
###....#.##....##........#...##)
####.#.####..##.#.##.#.#.#.##.
#.#.# #.............#.... ..#.#
#.##.###.##.#.#.##.


You could see Joseph (very poisoned) and a +0 spectral quarterstaff.

Vanquished Creatures
  Pikel (D:5)
  Eustachio (D:5)
  Menkaure (D:7)
  A water moccasin (D:5)
  An orc warrior (D:7)
  A sky beast (D:6)
  3 ogres
  A centaur (D:6)
  A kobold brigand (Sewer)
  4 bullfrogs
  2 gnoll sergeants
  4 scorpions
  4 wights (D:7)
  A howler monkey (D:7)
  A hound (D:5)
  2 jellies
  2 sleepcaps
  2 iguanas (D:5)
  Ijyb (D:5)
  2 orc wizards (D:7)
  An ogre zombie (D:5)
  A gnoll zombie (D:5)
  11 adders
  9 gnolls
  An orc zombie (D:5)
  A white imp (D:6)
  2 dart slugs (D:3)
  9 orcs
  4 endoplasms
  5 giant cockroaches
  9 goblins
  5 hobgoblins
  2 jackals (Sewer)
  4 quokkas
  4 ball pythons
  6 bats
  6 frilled lizards
  11 kobolds
  7 rats
134 creatures vanquished.

Notes
Turn   | Place    | Note
-------+----------+-------------------------------------------
     0 | D:1      | frimble the Octopode Warper began the quest for the Orb.
     0 | D:1      | Reached XP level 1. HP: 14/14 MP: 3/3
   189 | D:1      | Found Gass's General Store.
   217 | D:1      | Reached XP level 2. HP: 19/19 MP: 5/5
   400 | D:1      | Found a faded altar of an unknown god.
   999 | D:1      | Reached XP level 3. HP: 23/24 MP: 6/6
  2008 | D:3      | Reached XP level 4. HP: 24/30 MP: 7/7
  2465 | D:3      | Found a sparkling altar of Nemelex Xobeh.
  2465 | D:3      | Found a snail-covered altar of Cheibriados.
  2465 | D:3      | Found a radiant altar of Vehumet.
  2605 | D:3      | Became a worshipper of Cheibriados the Contemplative
  2645 | D:4      | Learned a level 2 spell: Blink
  2650 | D:4      | Learned a level 4 spell: Olgreb's Toxic Radiance
  2679 | D:4      | Found an opulent altar of Gozag.
  2753 | D:4      | Noticed a gnoll sergeant
  2862 | D:4      | Killed a gnoll sergeant
  2863 | D:4      | Reached XP level 5. HP: 36/36 MP: 7/9
  2909 | D:4      | You fall into a shaft and drop 2 floors!
  2930 | D:6      | Noticed an ogre
  2937 | D:6      | Killed an ogre
  2938 | D:6      | Reached skill level 1 in Poison Magic
  2938 | D:6      | Reached XP level 6. HP: 29/42 MP: 10/10
  3023 | D:6      | Found a glowing drain.
  3081 | Sewer    | Entered a sewer
  3222 | Sewer    | Reached * piety under Cheibriados
  3307 | Sewer    | Found a white marble altar of Elyvilon.
  3362 | D:6      | Reached skill level 2 in Poison Magic
  3507 | D:5      | Entered Level 5 of the Dungeon
  3526 | D:5      | Found a transporter.
  3577 | D:5      | Reached XP level 7. HP: 20/47 MP: 8/11
  3690 | D:5      | Found a transporter.
  3758 | D:5      | Reached skill level 3 in Poison Magic
  3878 | D:5      | Noticed Pikel
  4123 | D:5      | Reached skill level 4 in Poison Magic
  4200 | D:5      | Reached skill level 5 in Poison Magic
  4208 | D:5      | Reached XP level 8. HP: 54/54 MP: 4/12
  4211 | D:5      | Noticed Ijyb
  4213 | D:5      | Killed Ijyb
  4298 | D:5      | Identified the +1 plate armour of Initul Daur {+Blink rN++
                  | Str-5 Dex+3}
  4306 | D:5      | Reached ** piety under Cheibriados
  4307 | D:5      | Reached skill level 6 in Poison Magic
  4316 | D:5      | Reached skill level 1 in Evocations
  4683 | D:4      | Found Demeuf's Serpentskin Sales.
  4734 | D:5      | Killed Pikel
  4735 | D:5      | Reached skill level 7 in Poison Magic
  4910 | D:5      | Noticed Eustachio
  4930 | D:5      | Killed Eustachio
  4931 | D:5      | Reached skill level 8 in Poison Magic
  5214 | D:5      | Reached XP level 9. HP: 58/58 MP: 13/13
  5403 | D:5      | Reached skill level 5 in Evocations
  5916 | D:6      | Found a staircase to the Ecumenical Temple.
  6196 | D:7      | Learned a level 1 spell: Apportation
  6199 | D:7      | Reached *** piety under Cheibriados
  6200 | D:7      | Reached skill level 9 in Poison Magic
  6387 | D:7      | Noticed Menkaure
  6391 | D:7      | Killed Menkaure
  6566 | D:7      | Reached skill level 1 in Stealth
  6729 | D:7      | Noticed Joseph
  6741 | D:7      | Mangled by Joseph

Illustrated notes

Levels and vault maps discovered:
D:1:      dpeg_arrival_pond, layout_basic,
          hellmonk_ecumenical_altar_slurped_away, serial_shops,
          nicolae_shop_stone
D:2:      layout_basic
D:3:      layout_basic, gammafunk_temple_overflow_claw,
          hangedman_abyss_or_decor_stabs
D:4:      layout_cave_pools, amcnicky_altar_gilded, enter_ossuary_5,
          guppyfry_shop_venom
D:5:      gammafunk_cloud_chamber, layout_loops_ring, minmay_misc_feat_encased,
          nicolae_underground_beach, uniq_ijyb, uniq_pikel, uniq_eustachio
D:6:      layout_basic, minmay_temple_entry_trees, gup_sewer_entry_glass
D:7:      layout_basic, mainiacjoe_overflow_two_lobes,
          nicolae_overflow_two_pavilions, minmay_diced_spiral, uniq_joseph,
          uniq_menkaure

Skill      XL: |  1  2  3  4  5  6  7  8  9 |
---------------+----------------------------+-----
Dodging        | 3 4 |  4.2
Fighting       | 3 4 |  4.3
Short Blades   | 3 4 |  4.2
Poison Magic   | 1 2 5 8 9 |  9.9
Spellcasting   | 3 |  3.0
Translocations | 4 |  4.0
Evocations     | 4 7 |  7.0
Stealth        | 1 |  1.2
Throwing       | |  1.0

Action                     |  1- 3 |  4- 6 |  7- 9 || total
---------------------------+-------+-------+-------++-------
  Melee: Short sword       |    37 |       |       ||    37
         Tentacles         |    14 |    21 |    53 ||    88
         Constrict         |    13 |    17 |    35 ||    65
         Dagger            |    45 |    78 |   149 ||   272
         Punch             |     1 |     1 |     4 ||     6
  Throw: Boomerang         |       |     1 |       ||     1
   Cast: Olgreb's Toxic Ra |       |     1 |    16 ||    17
         Blink             |       |     1 |     2 ||     3
  Evoke: Wand              |       |     3 |    11 ||    14
    Use: Scroll            |     4 |     3 |     7 ||    14
         Potion            |       |     1 |       ||     1
   Stab: Sleeping          |    13 |     4 |     3 ||    20
         Distracted        |     1 |       |       ||     1
 Armour: Skin              |     6 |     6 |     8 ||    20
  Dodge: Dodged            |    40 |    57 |   124 ||   221

Table legend: (Time is in decaauts)
 A = Elapsed time spent in this place.
 B = Non-inter-level travel time spent in this place.
 C = Inter-level travel time spent in this place.
 D = Time resting spent in this place.
 E = Time spent auto-exploring this place.
 F = Levels seen in this place.
 G = Mean time per level.
                   A        B        C        D        E       F      G
               +--------+--------+--------+--------+--------+-----+--------+
         Total |   7762 |   7268 |    494 |    219 |   5832 |   8 |  970.2 |
       Dungeon |   7465 |   6971 |    494 |    219 |   5618 |   7 | 1066.4 |
         Sewer |    297 |    297 |      0 |      0 |    214 |   1 |  297.0 |
               +--------+--------+--------+--------+--------+-----+--------+

Top non-repeatable levels by time:
     D:5: 1882 daAuts
     D:6: 1274 daAuts
     D:1: 1074 daAuts
     D:3: 859 daAuts
     D:7: 819 daAuts
     D:2: 806 daAuts
     D:4: 748 daAuts
   Sewer: 297 daAuts
